 Dungeon Sprint DCSS version 0.31-a0-931-g7b59d4eb97 (webtiles) character file.

Game seed: 11743664924805760410

537 sircluck the Grappler (level 7, 0/79 HPs)
             Began as a Troll Berserker on Oct 19, 2023.
             Was a High Priest of Trog.
             Slain by an ufetubus (2 damage)
             ... while paralysed by a hornet
             ... in the Dungeon (Sprint VII: "The Pits").
             The game lasted 00:00:49 (471 turns).

sircluck the Grappler (Troll Berserker)              Turns: 471, Time: 00:00:50

Health: 0/79       AC:  4    Str: 28    XL:     7   Next: 5%
Magic:  6/6        EV:  1    Int:  3    God:    Trog [*****.]
Gold:   0          SH:  0    Dex:  9    Spells: 6/6 levels left

rFire   . .          .
                       - Unarmed
rCold   . . .        (no shield)
rNeg    . . .        a - +0 animal skin
rPois   .            (helmet restricted)
rElec   .            (no cloak)
rCorr   .            (gloves unavailable)
SInv    .            (boots unavailable)
Will    .....        (no amulet)
Stlth   +            (no ring)
HPRegen 1.13/turn    (no ring)
MPRegen 0.10/turn

%: no teleportation
@: paralysed, lethally poisoned (0 -> -1), slowed
A: large, unfitting armour, claws 3, regeneration 1, shaggy fur 1, tough skin 1
a: Renounce Religion, Berserk, Trog's Hand, Brothers in Arms


You were in the Dungeon.
You worshipped Trog.
Trog was extremely pleased with you.
You visited 1 branch

Inventory:

Armour
 a - a +0 animal skin (worn)
Scrolls
 g - a scroll of blinking
 i - 2 scrolls of vulnerability
 j - a scroll of summoning
Potions
 b - 6 potions of curing
 c - 6 potions of heal wounds
 d - a potion of haste
 e - 4 potions of magic
 f - 3 potions of berserk rage
 h - 2 potions of invisibility


   Skills:
 + Level 7.8 Fighting
 + Level 7.7 Dodging
 + Level 9.3 Unarmed Combat


You had 6 spell levels left.
You didn't know any spells.
Your spell library was empty.

Dungeon Overview and Level Annotations

Branches:
Dungeon (1/1)

Altars:
Ashenzari
Cheibriados
Dithmenos
Elyvilon
Fedhas
Gozag
Hepliaklqana
Kikubaaqudgha
Makhleb
Nemelex Xobeh
Okawaru
Qazlal
Ru
Sif Muna
Trog
Uskayaw
Vehumet
Wu Jian
Xom
Yredelemnul
Zin
The Shining One
Jiyva
Lugonu


Innate Abilities, Weirdness & Mutations

You are too large for most types of armour.
You have claws for hands.
Your natural rate of healing is unusually fast.
You are covered in fur. (AC +1)
You have tough skin. (AC +1)


Message History

The hornet barely misses you.
You claw the hornet!
The hornet is severely wounded.
The ufetubus misses you. The ufetubus closely misses you.
The hornet stings you!
You suddenly lose the ability to move!
The ufetubus hits you but does no damage. x2
The hornet stings you!
You feel yourself slow down.
The ufetubus hits you but does no damage.
The ufetubus hits you.
You can move again.
Unknown command.
Unknown command.
Unknown command.
You closely miss the hornet.
The hornet is severely wounded.
The hornet stings you!
You feel as though you will be slow longer.
The ufetubus closely misses you. The ufetubus hits you. The hornet stings you!
You are poisoned.
You feel as though you will be slow longer.
Unknown command.
You closely miss the hornet.
The hornet is severely wounded.
You feel very sick.
The ufetubus hits you but does no damage.
The ufetubus closely misses you. The hornet barely misses you.
The ufetubus barely misses you.
The ufetubus hits you but does no damage.
The hornet stings you!
* * * LOW HITPOINT WARNING * * *
You suddenly lose the ability to move!
You feel sick. The ufetubus hits you.
* * * LOW HITPOINT WARNING * * *
The ufetubus hits you but does no damage.
The hornet stings you!
* * * LOW HITPOINT WARNING * * *
You shrug off the repeated paralysis!
The ufetubus hits you.
* * * LOW HITPOINT WARNING * * *
The ufetubus hits you.
You die...

#.#..'...#.##.......#
#†#..†...).##.......#
#.#..########...<...#
#.#..'[))).##.......#
#.#..#[))).##.......#
#'###########.......#
#.).....#..##########
#.......#5## ###
#...#...#@# ...#
#..###..#y#.h..#
#...#...#hh.h..+
#.......#†#....#
#.......†.#....#
########### ####


You could see a hornet, an ufetubus and 2 jackals.

Vanquished Creatures
  A polar bear (D)
  A black bear (D)
  An ogre (D)
  A quasit (D)
  A gnoll bouda (D)
  A hound (D)
  3 gnolls (D)
  2 river rats (D)
  A white imp (D)
  An ufetubus (D)
  An orc (D)
  A ball python (D)
  A bat skeleton (D)
  A giant cockroach (D)
  A goblin (D)
  A jackal (D)
  A quokka (D)
  A frilled lizard (D)
  A kobold (D)
22 creatures vanquished.

Notes
Turn   | Place    | Note
-------+----------+-------------------------------------------
     0 | D        | sircluck the Troll Berserker began the quest for the Orb.
     0 | D        | Reached XP level 1. HP: 22/22 MP: 0/0
    24 | D        | Found a bloodstained altar of Trog.
    24 | D        | Found a shimmering blue altar of Sif Muna.
    24 | D        | Found a viscous altar of Jiyva.
    24 | D        | Found a hazy altar of Hepliaklqana.
    24 | D        | Found an opulent altar of Gozag.
    25 | D        | Found a glowing golden altar of the Shining One.
    25 | D        | Found a glowing silver altar of Zin.
    25 | D        | Found a basalt altar of Yredelemnul.
    25 | D        | Found a shimmering altar of Xom.
    25 | D        | Found an ornate altar of the Wu Jian Council.
    25 | D        | Found a sacrificial altar of Ru.
    25 | D        | Found a stormy altar of Qazlal.
    25 | D        | Found an iron altar of Okawaru.
    25 | D        | Found a sparkling altar of Nemelex Xobeh.
    25 | D        | Found a burning altar of Makhleb.
    25 | D        | Found a blossoming altar of Fedhas.
    25 | D        | Found a white marble altar of Elyvilon.
    25 | D        | Found a shadowy altar of Dithmenos.
    25 | D        | Found a snail-covered altar of Cheibriados.
    28 | D        | Found a corrupted altar of Lugonu.
    28 | D        | Found a radiant altar of Vehumet.
    29 | D        | Found an ancient bone altar of Kikubaaqudgha.
    29 | D        | Found a hide-covered altar of Uskayaw.
    29 | D        | Found a broken altar of Ashenzari.
    68 | D        | Reached ** piety under Trog
    88 | D        | Reached XP level 2. HP: 31/31 MP: 1/1
    97 | D        | Reached skill level 4 in Unarmed Combat
   109 | D        | Reached *** piety under Trog
   157 | D        | Noticed a black bear
   178 | D        | Reached **** piety under Trog
   179 | D        | Reached XP level 3. HP: 12/39 MP: 2/2
   228 | D        | Noticed an ogre
   236 | D        | Killed an ogre
   237 | D        | Reached skill level 5 in Fighting
   237 | D        | Reached skill level 5 in Dodging
   237 | D        | Reached skill level 6 in Unarmed Combat
   237 | D        | Reached XP level 4. HP: 50/50 MP: 3/3
   240 | D        | Killed a black bear
   241 | D        | Reached skill level 7 in Unarmed Combat
   241 | D        | Reached XP level 5. HP: 49/59 MP: 4/4
   397 | D        | Reached ***** piety under Trog
   398 | D        | Reached XP level 6. HP: 65/68 MP: 5/5
   403 | D        | Noticed a polar bear
   409 | D        | Killed a polar bear
   410 | D        | Reached skill level 9 in Unarmed Combat
   440 | D        | Reached XP level 7. HP: 71/79 MP: 6/6
   459 | D        | Noticed a hornet
   461 | D        | Received a gift from Trog
   467 | D        | Paralysed by a hornet for 1 turns
   470 | D        | Paralysed by a hornet for 2 turns
   471 | D        | HP: 2/79 [ufetubus (4)]
   471 | D        | Slain by an ufetubus

Illustrated notes

Levels and vault maps discovered:
D:        pitsprint [storerooms_1, entrance_room_1, metal_vault_3, armoury_2,
          mini_pit_1, grid_room_1, main_hall_1, silver_pit, the_coven_3,
          the_vestibule_1, steel_vault_5, golden_pit, hallway_of_sentries,
          crystal_vault_6, iron_vault_3, final_vault]

Skill      XL: |  1  2  3  4  5  6 |
---------------+-------------------+-----
Fighting       | 3 5 6 7 |  7.8
Dodging        | 3 5 6 7 |  7.7
Unarmed Combat | 4 6 7 9 |  9.3

Action                     |  1- 3 |  4- 6 |  7- 9 || total
---------------------------+-------+-------+-------++-------
  Melee: Unarmed           |    48 |    23 |    10 ||    81
         Punch             |       |     1 |       ||     1
 Invoke: Berserk           |     1 |       |       ||     1
 Armour: Animal skin       |    34 |    25 |    25 ||    84
  Dodge: Dodged            |    40 |     9 |    17 ||    66

Table legend: (Time is in decaauts)
 A = Elapsed time spent in this place.
 B = Non-inter-level travel time spent in this place.
 C = Inter-level travel time spent in this place.
 D = Time resting spent in this place.
 E = Time spent auto-exploring this place.
 F = Levels seen in this place.
 G = Mean time per level.
                   A        B        C        D        E       F      G
               +--------+--------+--------+--------+--------+-----+--------+
         Total |    472 |    472 |      0 |    207 |     98 |   1 |  472.0 |
       Dungeon |    472 |    472 |      0 |    207 |     98 |   1 |  472.0 |
               +--------+--------+--------+--------+--------+-----+--------+

Top non-repeatable levels by time:
       D: 472 daAuts
